 Dungeon Crawl Stone Soup version 0.28.0-43-g3370ac3207 (webtiles) character file.

Game seed: 18042812402521575212

1319 croobank the Slasher (level 8, -8/70 HPs)
             Began as a Troll Arcane Marksman on Mar 8, 2022.
             Killed from afar by a white imp (15 damage)
             ... with a puff of frost
             ... on level 6 of the Dungeon.
             The game lasted 00:12:08 (4002 turns).

croobank the Slasher (Troll Arcane Marksman)        Turns: 4002, Time: 00:12:09

Health: -8/70      AC:  5    Str: 21    XL:     8   Next: 33%
Magic:  8/8        EV: 25    Int:  5    God:
Gold:   284        SH:  0    Dex: 10    Spells: 8/9 levels left

rFire   . . .      SeeInvis .   a - +11 falchion of Focus {flame, rElec rC- rCorr Int-4}
rCold   x . .      Faith    .   (no shield)
rNeg    . . .      Spirit   .   s - +0 robe
rPois   .          Reflect  .   (helmet restricted)
rElec   +          Harm     .   q - +0 cloak
rCorr   +          Rampage  .   (gloves unavailable)
Will    .....                   (boots unavailable)
Stlth   +.........              l - amulet of the acrobat
HPRegen 1.01/turn               (no ring)
MPRegen 0.11/turn               (no ring)

@: acrobatic
A: large, unfitting armour, claws 3, regeneration 1, shaggy fur 1, tough skin 1
a: no special abilities


You were on level 6 of the Dungeon.
You visited 1 branch of the dungeon, and saw 6 of its levels.

You collected 284 gold pieces.

Inventory:

Hand Weapons
 a - the +11 falchion of Focus (weapon) {flame, rElec rC- rCorr Int-4}
   (You found it on level 2 of the Dungeon)

   It burns those it strikes, dealing additional fire damage.
   Big, fiery blades are also staple armaments of hydra-hunters.
   Int:       It affects your intelligence (-4).
   rC:        It makes you vulnerable to cold.
   rElec:     It insulates you from electricity.
   rCorr:     It protects you from acid and corrosion.
 b - a +0 hunting sling
 d - a +0 hand axe
 i - a +0 dagger
 n - a +0 mace
 y - a +0 war axe
 C - a +0 flail of protection
 I - a +0 morningstar
Missiles
 f - 142 stones (quivered)
 g - 4 boomerangs
 m - 13 sling bullets
 A - 5 poisoned darts
Armour
 q - a +0 cloak (worn)
 s - a +0 robe (worn)
Jewellery
 l - an amulet of the acrobat (around neck)
 u - a ring of fire
Wands
 t - a wand of charming (4)
 E - a wand of paralysis (9)
Scrolls
 h - 5 scrolls of teleportation
 j - a scroll of vulnerability {unknown}
 o - 2 scrolls of torment
 r - a scroll of blinking {unknown}
 J - a scroll of enchant armour {unknown}
Potions
 k - a potion of ambrosia
 p - a potion of berserk rage {unknown}
 v - a potion of magic {unknown}
 w - a potion of attraction {unknown}
 x - 3 potions of curing
 z - a potion of might {unknown}
 B - a potion of brilliance {unknown}
 D - a potion of lignification {unknown}
 F - a potion of mutation


   Skills:
 - Level 1.3 Fighting
 + Level 7.9 Long Blades
 - Level 2.2 Throwing
 - Level 2.0 Dodging
 - Level 1.2 Spellcasting
 - Level 2.2 Hexes


You had 8 spell levels left.
You knew the following spells:

 Your Spells              Type           Power      Damage    Failure   Level
a - Slow                  Hex            8%         N/A       19%         1

Your spell library contained the following spells:

 Spells                   Type           Power      Damage    Failure   Level
 Sublimation of Blood     Necr           0%         N/A       58%         2
 Wereblood                Tmut           0%         N/A       58%         2
 Inner Flame              Hex/Fire       1%         N/A       65%         3
 Portal Projectile        Hex/Tloc       2%         N/A       65%         3
 Cause Fear               Hex            1%         N/A       88%         4
 Olgreb's Toxic Radiance  Pois           0%         N/A       99%         4
 Ozocubu's Refrigeration  Ice            0%         4d5       100%        7
 Summon Hydra             Summ           0%         N/A       100%        7
 Ignition                 Fire           0%         3d3       100%        8


Dungeon Overview and Level Annotations

Branches:
Dungeon (6/15)
 Temple: D:4-7

Altars:
Gozag
Trog

Shops:
D:3 [

Annotations:
D:6 2 transporters, Selrock's ghost, novice MiFi


Innate Abilities, Weirdness & Mutations

You are too large for most types of armour.
You have claws for hands.
Your natural rate of healing is unusually fast.
You are covered in fur. (AC +1)
You have tough skin. (AC +1)


Message History

The gnoll struggles against the net.
A white imp comes into view.
A gnoll comes into view. It is wielding a +0 whip.
The gnoll sergeant shouts!
A gnoll comes into view. It is wielding a +0 halberd.
The gnoll struggles against the net.
The white imp gestures at you. The puff of frost hits you!
You feel a terrible chill! The gnoll closely misses you.
You slash the gnoll! You burn the gnoll.
You kill the gnoll!
The gnoll struggles against the net.
You slash the gnoll! You burn the gnoll.
You kill the gnoll!
The gnoll struggles against the net.
The gnoll sergeant misses you.
Things that are here:
a +0 whip; a gnoll corpse
Found a stone staircase leading down.
The gnoll struggles against the net.
The gnoll sergeant closely misses you. The white imp closely misses you.
You barely miss the gnoll sergeant.
The gnoll struggles against the net.
The net rips apart, and the gnoll comes free!
The gnoll hits you from afar with a +0 halberd!
You hit the gnoll sergeant but do no damage.
The white imp shouts, "Scamper away, thou pox-marked roguish puttock!"
The white imp gestures at you. The puff of frost hits you!
You feel a terrible chill!
The gnoll sergeant hits you with a +0 trident!
The gnoll hits you from afar with a +0 halberd!
You slash the gnoll sergeant! You burn the gnoll sergeant.
The gnoll sergeant is heavily wounded.
The white imp gestures at you. The puff of frost hits you!
You feel a terrible chill!
* * * LOW HITPOINT WARNING * * *
The gnoll sergeant misses you. The gnoll hits you with a +0 whip.
* * * LOW HITPOINT WARNING * * *
The gnoll hits you from afar with a +0 halberd!
* * * LOW HITPOINT WARNING * * *
The white imp gestures at you. The puff of frost hits you!
You feel a terrible chill!
You die...

..#.###......#
.#..#........# ##
............#####.##
............###....###
..........<..#.......#
...##...............#
...##..............##
................)..##
.##.##..#.......@...##
. ####.........5g.#
#.........gg......
#...........>g.(...
...................
..$.........$.(...
..............##.
.............#
..........>.#


You could see a gnoll sergeant, 3 gnolls and a white imp.

Vanquished Creatures
  A hornet (D:4)
  Eustachio (D:5)
  An acid dragon (D:5)
  A water moccasin (D:5)
  A sky beast (D:6)
  A centaur (D:4)
  3 scorpions
  2 jellies
  4 hounds
  Ijyb (D:5)
  An iguana (D:4)
  A scorpion zombie (D:5)
  2 hound zombies (D:5)
  5 gnolls
  4 adders
  An adder zombie (D:5)
  An adder skeleton (D:5)
  A worm (D:4)
  A dart slug (D:4)
  3 ball pythons
  5 endoplasms
  7 hobgoblins
  4 kobolds
  A quokka (D:2)
  3 bats
  4 frilled lizards
  3 goblins
  4 rats
67 creatures vanquished.

Notes
Turn   | Place    | Note
-------+----------+-------------------------------------------
     0 | D:1      | croobank the Troll Arcane Marksman began the quest for the
                  | Orb.
     0 | D:1      | Reached XP level 1. HP: 18/18 MP: 1/1
   342 | D:1      | Reached skill level 1 in Fighting
   366 | D:1      | Reached XP level 2. HP: 27/27 MP: 2/2
   455 | D:1      | Found a faded altar of an unknown god.
   560 | D:2      | Found an opulent altar of Gozag.
   723 | D:2      | Reached XP level 3. HP: 33/33 MP: 3/3
  1204 | D:2      | Identified the +11 falchion of Focus {flame, rElec rC-
                  | rCorr Int-4}
  1796 | D:3      | Found Sobbug's Armour Shoppe.
  1864 | D:3      | Reached skill level 1 in Long Blades
  1913 | D:3      | Reached XP level 4. HP: 41/41 MP: 4/4
  2329 | D:4      | Noticed a hornet
  2334 | D:4      | Killed a hornet
  2335 | D:4      | Reached skill level 4 in Long Blades
  2335 | D:4      | Reached XP level 5. HP: 26/48 MP: 5/5
  2335 | D:4      | Reached XP level 6. HP: 29/55 MP: 6/6
  3052 | D:4      | Reached skill level 5 in Long Blades
  3057 | D:4      | Reached XP level 7. HP: 37/62 MP: 7/7
  3331 | D:5      | Entered Level 5 of the Dungeon
  3410 | D:5      | Noticed Ijyb
  3414 | D:5      | Killed Ijyb
  3415 | D:5      | Reached skill level 6 in Long Blades
  3470 | D:5      | Noticed Eustachio
  3491 | D:5      | Killed Eustachio
  3518 | D:5      | Reached skill level 7 in Long Blades
  3518 | D:5      | Reached XP level 8. HP: 27/70 MP: 8/8
  3677 | D:5      | Found a bloodstained altar of Trog.
  3918 | D:6      | Noticed Selrock's ghost (novice MiFi)
  3919 | D:6      | Found a transporter.
  3967 | D:6      | Found a transporter.
  4002 | D:6      | Killed from afar by a white imp

Illustrated notes

Levels and vault maps discovered:
D:1:      dpeg_arrival_ternary, layout_basic,
          shapermc_ecumenical_altar_flowoftime
D:2:      layout_loops_ring, basic_altar, minivault_5
D:3:      wad_crossroads, layout_basic, serial_shops,
          nicolae_shop_hallway_stairs, st_stairs_1
D:4:      layout_basic, minmay_misc_feat_secret_circle,
          corexii_leaking_fountain, hangedman_minor_gate_pass
D:5:      layout_basic, mainiacjoe_overflow_small_starburst, uniq_ijyb,
          uniq_eustachio
D:6:      layout_cave_pools, gammafunk_ghost_arena, sigmund_army

Skill      XL: |  1  2  3  4  5  6  7 |
---------------+----------------------+-----
Fighting       | 1 |  1.3
Throwing       | 2 |  2.2
Dodging        | 2 |  2.0
Long Blades    | 1 4 5 7 |  7.9
Spellcasting   | |  1.2
Hexes          | |  2.2

Action                   |  1- 3 |  4- 6 |  7- 9 || total
-------------------------+-------+-------+-------++-------
Melee: Unarmed           |    32 |       |       ||    32
       Falchion          |    13 |    53 |    66 ||   132
       Punch             |     1 |       |       ||     1
Throw: Large rock        |    24 |     3 |     8 ||    35
       Throwing net      |     3 |       |     4 ||     7
  Use: Scroll            |       |     1 |     6 ||     7
Armor: Robe              |    25 |    26 |    25 ||    76
Dodge: Dodged            |    31 |    54 |    56 ||   141
